 Dungeon Crawl Stone Soup version 0.31-a0-1172-g9944ec47dd (webtiles) character file.

Game seed: 13649474055038573377

266 whatisthis the Stinger (level 6, 0/51 HPs)
             Began as a Ghoul Venom Mage on Dec 10, 2023.
             Slain by a black bear (6 damage)
             ... on level 4 of the Dungeon.
             The game lasted 00:16:06 (3967 turns).

whatisthis the Stinger (Ghoul Venom Mage)           Turns: 3967, Time: 00:16:06

Health: 0/51       AC:  4    Str: 12    XL:     6   Next: 20%
Magic:  3/9        EV: 12    Int: 16    God:
Gold:   136        SH:  0    Dex:  9    Spells: 8/11 levels left

rFire   . . .        c - +2 dagger (pain)
rCold   + . .        (no shield)
rNeg    + + +        a - +0 robe
rPois   ∞            u - +0 helmet
rElec   .            (no cloak)
rCorr   .            (no gloves)
SInv    .            f - +0 pair of boots
Will    .....        (no amulet)
Stlth   ++           x - ring of wizardry
HPRegen 0.00/turn    (no ring)
MPRegen 0.11/turn

%: wizardry (x1)
@: inhibited regen
A: claws 1, cold resistance 1, negative energy resistance 3, inhibited
regeneration, torment resistance 2, devour on kill
a: no special abilities


You were on level 4 of the Dungeon.
You visited 1 branch of the dungeon, and saw 4 of its levels.

You collected 136 gold pieces.

Inventory:

Hand Weapons
 c - a +2 dagger of pain (weapon)
 k - a +1 short sword of freezing
Missiles
 e - 36 stones
 z - 2 throwing nets
Armour
 a - a +0 robe (worn)
 f - a +0 pair of boots (worn)
 u - a +0 helmet (worn)
Magical Staves
 t - the staff of the Shallot {rElec rF+ Fire}
   (You found it on level 2 of the Dungeon)

   [staff of fire]

   Base accuracy: +5 Base damage: 5 Base attack delay: 1.2 This weapon's minimum
   attack delay (0.6) is reached at skill level 12.
   rF+:       It protects you from fire.
   rElec:     It insulates you from electricity.
   Fire:      It increases the power of your Fire spells.
   It falls into the 'Staves' category.
   It is a one-clawed weapon.
Jewellery
 x - a ring of wizardry (left claw)
Scrolls
 d - 3 scrolls of teleportation {unknown}
 g - a scroll of revelation {unknown}
 i - 2 scrolls of identify {unknown}
 m - a scroll of immolation {unknown}
 p - a scroll of enchant weapon {unknown}
 q - a scroll of fog {unknown}
 w - a scroll of vulnerability {unknown}
 y - a scroll of fear {unknown}
Potions
 b - a potion of magic
 h - 2 potions of invisibility {unknown}
 j - 2 potions of berserk rage {unknown}
 l - 2 potions of heal wounds {unknown}
 n - a potion of lignification {unknown}
 o - 2 potions of curing {unknown}
 r - a potion of brilliance {unknown}
 s - 3 potions of enlightenment {unknown}
 v - a potion of attraction {unknown}


   Skills:
 + Level 3.0 Fighting
 - Level 1.7 Dodging
 - Level 2.1 Stealth
 + Level 3.0 Spellcasting
 - Level 2.0 Transmutations
 + Level 1.4 Air Magic
 + Level 4.2 Poison Magic


You had 8 spell levels left.
You knew the following spells:

 Your Spells              Type           Power      Damage    Failure   Level
a - Sting                 Tmut/Pois      48%        1d5       2%          1
b - Poisonous Vapours     Pois/Air       22%        N/A       3%          2

Your spell library contained the following spells:

 Spells                   Type           Power      Damage    Failure   Level
 Mephitic Cloud           Conj/Pois/Air  8%         N/A       11%         3
 Olgreb's Toxic Radiance  Pois           16%        N/A       13%         4


Dungeon Overview and Level Annotations

Branches:
Dungeon (4/15)
 Temple: D:4-7

Altars:
Uskayaw


Innate Abilities, Weirdness & Mutations

You are immune to poison.
You have sharp fingernails.
Your flesh is cold resistant. (rC+)
You are immune to negative energy. (rN+++)
You do not regenerate when monsters are visible.
You are immune to unholy pain and torment.
You thrive by killing the living.


Message History

Poisonous vapours surround the black bear!
The black bear looks even sicker.
The black bear attacks as it pursues you!
The black bear barely misses you. The black bear closely misses you. x2
The black bear looks more healthy.
The black bear goes berserk!
The black bear attacks as it pursues you!
The black bear bites you. The black bear barely misses you.
The black bear claws you.
Casting: Poisonous Vapours (safe; 3% risk of failure)
Confirm with . or Enter, or press ? or * to list all spells.
Aiming: Sting (safe; 2% risk of failure)
Press: ? - help, Shift-Dir - straight line, f/p - black bear
Aim: a black bear (severely wounded, berserk, 79% to hit)
The sting hits the black bear.
The black bear is poisoned.
The black bear is severely wounded.
The black bear barely misses you. The black bear completely misses you.
The black bear claws you. The black bear bites you! The black bear misses you.
The black bear claws you but does no damage.
The black bear attacks as it pursues you!
The black bear bites you but does no damage.
The black bear closely misses you. x2; The black bear barely misses you.
The black bear closely misses you.
The black bear claws you but does no damage.
The black bear attacks as it pursues you!
The black bear bites you. The black bear claws you.
The black bear barely misses you.
The black bear attacks as it pursues you!
The black bear barely misses you. The black bear claws you. x2
The black bear bites you!
* * * LOW HITPOINT WARNING * * *
The black bear closely misses you. The black bear claws you.
* * * LOW HITPOINT WARNING * * *
The black bear looks more healthy.
The black bear closely misses you. The black bear claws you.
* * * LOW HITPOINT WARNING * * *
The black bear completely misses you.
There is a stone staircase leading down here.
The black bear attacks as it pursues you!
The black bear bites you.
You die...

.# ##.#.........# ..
#..#.........# ..##
##.##.........# ...#
#..##.......### ...#
##..##.....### ...#
#.l######### ...## .
##..# ######## ....#
....#).h### ####.......
..#
#......@..####..........
##
....####........[.......
# ..## ###..............
##..###
#................
###.....[#
#..............$.#
###.........
#.................#
#...........
..................##
..........##
....$.............#
......>....#
##...............##


You could see a black bear (berserk) and an iguana.

Vanquished Creatures
  A scorpion (D:3)
  An iguana (D:4)
  6 gnolls (D:3)
  4 adders
  2 worms
  6 dart slugs
  An orc (D:3)
  4 ball pythons
  6 endoplasms
  2 giant cockroaches (D:3)
  3 goblins (D:1)
  3 hobgoblins
  4 jackals (D:2)
  4 quokkas
  8 bats
  5 frilled lizards
  8 kobolds
  6 rats
74 creatures vanquished.

Notes
Turn   | Place    | Note
-------+----------+-------------------------------------------
     0 | D:1      | whatisthis the Ghoul Venom Mage began the quest for the
                  | Orb.
     0 | D:1      | Reached XP level 1. HP: 14/14 MP: 2/2
    52 | D:1      | Reached skill level 1 in Transmutations
   150 | D:1      | Reached XP level 2. HP: 22/22 MP: 0/3
   406 | D:1      | Reached skill level 1 in Fighting
   771 | D:1      | Reached XP level 3. HP: 28/28 MP: 3/5
  1069 | D:2      | You fall into a shaft and drop 2 floors!
  1080 | D:4      | Learned a level 2 spell: Poisonous Vapours
  1159 | D:4      | Noticed a scorpion
  1234 | D:4      | Reached XP level 4. HP: 19/36 MP: 1/6
  1320 | D:4      | Identified the +5 war axe "Hiris" {heavy, Str+2}
  1402 | D:4      | Noticed a black bear
  1673 | D:2      | Found a hide-covered altar of Uskayaw.
  1711 | D:2      | Found a faded altar of an unknown god.
  2095 | D:2      | Identified the staff of the Shallot {rElec rF+ Fire}
  2513 | D:3      | Reached XP level 5. HP: 41/41 MP: 2/7
  3228 | D:3      | Reached skill level 1 in Air Magic
  3228 | D:3      | Reached skill level 4 in Poison Magic
  3612 | D:3      | Reached XP level 6. HP: 44/50 MP: 3/9
  3967 | D:4      | Slain by a black bear

Illustrated notes

Levels and vault maps discovered:
D:1:      lightli_arrival_boilingwater, layout_rooms, patterned_corridor
D:2:      layout_basic, dreamdust_ecumenical_altar_angels_and_demons,
          basic_altar
D:3:      layout_basic, st_stairs_7
D:4:      layout_cave_pods, grunt_ministairs_10

Skill      XL: |  1  2  3  4  5  6 |
---------------+-------------------+-----
Transmutations | 1 2 |  2.0
Spellcasting   | 2 3 |  3.0
Fighting       | 1 2 3 |  3.0
Air Magic      | 1 |  1.4
Poison Magic   | 4 |  4.2
Dodging        | |  1.7
Stealth        | |  2.1

Action                     |  1- 3 |  4- 6 || total
---------------------------+-------+-------++-------
  Melee: Short sword       |    38 |       ||    38
         Unarmed           |     3 |       ||     3
         Dagger            |    18 |    86 ||   104
         Punch             |       |     1 ||     1
   Cast: Sting             |    30 |    43 ||    73
         Poisonous Vapours |       |    27 ||    27
   Stab: Sleeping          |     2 |     2 ||     4
 Armour: Robe              |    43 |    67 ||   110
  Dodge: Dodged            |    54 |    76 ||   130

Table legend: (Time is in decaauts)
 A = Elapsed time spent in this place.
 B = Non-inter-level travel time spent in this place.
 C = Inter-level travel time spent in this place.
 D = Time resting spent in this place.
 E = Time spent auto-exploring this place.
 F = Levels seen in this place.
 G = Mean time per level.
                   A        B        C        D        E       F      G
               +--------+--------+--------+--------+--------+-----+--------+
         Total |   3968 |   3750 |    218 |    789 |   1534 |   4 |  992.0 |
       Dungeon |   3968 |   3750 |    218 |    789 |   1534 |   4 |  992.0 |
               +--------+--------+--------+--------+--------+-----+--------+

Top non-repeatable levels by time:
     D:3: 1571 daAuts
     D:1: 943 daAuts
     D:2: 906 daAuts
     D:4: 547 daAuts
